 Dungeon Crawl Stone Soup version 0.29.0-15-g675c0067aa (webtiles) character file.

Game seed: 18166779827740582054

86 MisterFreud the Cudgeller (level 5, -14/46 HPs)
             Began as a Meteoran Fighter on Sept 11, 2022.
             Was a Follower of Fedhas.
             Demolished by an orc wizard
             ... wielding a +0 dagger of electrocution
              (17 damage)
             ... on level 3 of the Dungeon.
             The game lasted 00:02:12 (497 turns).

MisterFreud the Cudgeller (Meteoran Fighter)         Turns: 497, Time: 00:02:13

Health: -14/46     AC:  7    Str: 20    XL:     5   Next: 7%
Magic:  6/6        EV:  9    Int:  9    God:    Fedhas [*.....]
Gold:   11         SH:  5    Dex: 13    Spells: 4/4 levels left

rFire   . . .      SeeInvis .   a - +0 flail
rCold   . . .      Faith    .   c - +0 buckler
rNeg    . . .      Spirit   .   b - +0 scale mail
rPois   .          Reflect  .   (no helmet)
rElec   .          Harm     .   (no cloak)
rCorr   .          Rampage  .   (no gloves)
Will    .....                   (no boots)
Stlth   ..........              (no amulet)
HPRegen 0.15/turn               (no ring)
MPRegen 0.10/turn               (no ring)

@: flying, glowing
A: sense surroundings 1, otherworldly, glowing, explore regen
a: Renounce Religion


You were on level 3 of the Dungeon.
You worshipped Fedhas.
Fedhas was aware of your devotion.
You visited 1 branch of the dungeon, and saw 3 of its levels.

You collected 11 gold pieces.

Inventory:

Hand Weapons
 a - a +0 flail (weapon)
Missiles
 g - 4 javelins (quivered)
 h - 5 poisoned darts
 j - a throwing net
Armour
 b - a +0 scale mail (worn)
 c - a +0 buckler (worn)
Jewellery
 k - a ring of magical power
Scrolls
 e - a scroll of magic mapping {unknown}
 i - a scroll of vulnerability {unknown}
 l - a scroll of summoning {unknown}
Potions
 d - 2 potions of might
 f - a potion of flight


   Skills:
 - Level 3.7 Fighting
 + Level 5.0 Maces & Flails
 - Level 4.0 Armour
 - Level 4.0 Shields


You had 4 spell levels left.
You didn't know any spells.
Your spell library contained the following spells:

 Spells                   Type           Power      Damage    Failure   Level
 Apportation              Tloc           0%         N/A       83%         1
 Alistair's Intoxication  Tmut/Pois      0%         N/A       100%        5


Dungeon Overview and Level Annotations

Branches:
Dungeon (3/15) Zot: 1282

Altars:
Fedhas


Innate Abilities, Weirdness & Mutations

You passively map a small area around you.
You are easily found by Zot.
You glow in the dark.
You regain HP and MP as you explore.


Message History

You feel a bit more experienced.
Your Maces & Flails skill increases to level 5!
You have reached level 5!
You sock the orc!
You kill the orc!
Fedhas appreciates your contribution to the ecosystem.
The orc throws a boomerang.
The boomerang closely misses you. The orc hits you with a +0 short sword.
You hear some strange, mumbled words.
Deactivating autopickup; reactivate with Ctrl-A.
Something tries to affect you, but you resist.
There is a stone staircase leading up, spattered with blood here.
Items here: ))) [ †.
You hit the orc but do no damage. You block the orc's attack.
Something hits you but does no damage.
You miss something. Something hits you but does no damage.
You miss something. Something hits you.
You hear some strange, mumbled words.
A magic dart appears from out of thin air!
The magic dart hits you but does no damage.
You hit something. Something hits you.
You are electrocuted!
You miss something. Something hits you.
The orc throws a boomerang.
The boomerang hits you but does no damage.
You barely miss something. Something hits you but does no damage.
The orc throws a boomerang.
The boomerang closely misses you.
You miss something. Something hits you but does no damage.
You are electrocuted!!
* * * LOW HITPOINT WARNING * * *
The orc throws a boomerang.
The boomerang hits you.
* * * LOW HITPOINT WARNING * * *
You hear some strange, mumbled words.
A magic dart appears from out of thin air!
The magic dart hits you but does no damage.
Unknown command.
It was a potion of flight.
You feel very buoyant.
You fly up into the air.
Something hits you but does no damage.
You are electrocuted!
You die...
Fedhas appreciates your contribution to the ecosystem.

* * * , , ,
,####* * # * ..?
, , #.* ..# * * ,
.., ,#..#### , *
#[###.###.......,
* *
*#......@{o......
*
#..##.###.?.####
*# ...# * * ...#
* * , ...# , ,* ,
* * ...., , , ,
...#. , , ,
...#.# *


You could see an orc.

Vanquished Creatures
  Terence (D:2)
  An orc wizard (D:3)
  A worm (D:2)
  A dart slug (D:1)
  2 orcs (D:3)
  2 bats (D:1)
  4 endoplasms (D:1)
  A giant cockroach (D:1)
  A goblin (D:1)
  5 hobgoblins
  2 jackals (D:1)
  2 kobolds (D:1)
  2 frilled lizards (D:1)
  A rat (D:1)
26 creatures vanquished.

Notes
Turn   | Place    | Note
-------+----------+-------------------------------------------
     0 | D:1      | MisterFreud the Meteoran Fighter began the quest for the
                  | Orb.
     0 | D:1      | Reached XP level 1. HP: 19/19 MP: 2/2
    16 | D:1      | Found a faded altar of an unknown god.
    30 | D:1      | Reached XP level 2. HP: 16/26 MP: 3/3
    38 | D:1      | Reached skill level 3 in Maces & Flails
    45 | D:1      | Prayed at the altar of an unknown god.
    45 | D:1      | Became a worshipper of Fedhas Madash
    45 | D:1      | Reached * piety under Fedhas
   124 | D:1      | Reached XP level 3. HP: 26/31 MP: 4/4
   416 | D:2      | Noticed Terence
   425 | D:2      | Killed Terence
   426 | D:2      | Reached skill level 4 in Maces & Flails
   426 | D:2      | Reached XP level 4. HP: 33/40 MP: 5/5
   487 | D:3      | Reached skill level 5 in Maces & Flails
   487 | D:3      | Reached XP level 5. HP: 44/46 MP: 6/6
   497 | D:3      | Demolished by an orc wizard

Illustrated notes

Levels and vault maps discovered:
D:1:      eino_arrival_tree_alley, layout_loops_ring,
          hellmonk_ecumenical_altar_dog_temple, serial_co_window_serial,
          co_window_corner_a, co_window_corner_a, co_window_corner_a,
          co_window_paths_a, co_window_paths_b, co_window_broadway_b,
          co_window_cross_3, co_window_broadway_c, co_window_sun,
          co_window_4corner_b, glass_columns_b, glass_columns_b,
          glass_columns_a, grunt_decor_fettered
D:2:      layout_loops_corners, uniq_terence
D:3:      layout_loops_ring, dk_xom_monty_hall, serial_undead, serial_undead_d,
          serial_undead_e, serial_undead_e, serial_undead_c, serial_undead_e,
          serial_undead_d, serial_undead_c

Skill      XL: |  1  2  3  4 |
---------------+-------------+-----
Maces & Flails | 3 4 5 |  5.0
Armour         | 4 |  4.0
Shields        | 4 |  4.0
Fighting       | |  3.7

Action                   |  1- 3 |  4- 6 || total
-------------------------+-------+-------++-------
Melee: Flail             |    56 |    17 ||    73
  Use: Potion            |       |     1 ||     1
Armor: Scale mail        |    16 |    12 ||    28
Dodge: Dodged            |    13 |     4 ||    17
Block: Buckler           |    17 |     1 ||    18
